 Dungeon Crawl Stone Soup version 0.18.1-48-g4cf74bf (webtiles) character file.

1052 wemp the Basher (level 8, -2/58 HPs)
             Began as a Mummy Fighter on Aug 4, 2016.
             Was a Follower of Pakellas.
             Slain by an orc warrior
             ... wielding a +0 halberd
              (17 damage)
             ... on level 7 of the Dungeon.
             The game lasted 00:14:02 (5738 turns).

wemp the Basher (Mummy Fighter)                     Turns: 5738, Time: 00:14:03

Health: -2/58      AC: 12    Str: 19    XL:     8   Next: 5%
Magic:  8/8        EV:  4    Int:  7    God:    Pakellas [*.....]
Gold:   243        SH:  9    Dex: 14    Spells: 0 memorised, 7 levels left

rFire  x . .     SeeInvis .     a - +1 flail
rCold  + . .     Gourm    .     o - +1 chain mail
rNeg   + + +     Faith    .     c - +0 shield
rPois  ∞         Spirit   .     t - +0 helmet
rElec  .         Dismiss  .     (no cloak)
rCorr  .         Reflect  .     (no gloves)
SustAt .         Harm     .     n - +0 pair of boots
MR     +....                    (no amulet)
Stlth  ..........               (no ring)
                                l - ring of poison resistance

@: somewhat resistant to hostile enchantments, extremely unstealthy
A: no food or potions, fire vulnerability, cold resistance 1, negative energy
resistance 3, torment resistance, unbreathing
a: Quick Charge, Renounce Religion


You were on level 7 of the Dungeon.
You worshipped Pakellas.
Pakellas was aware of your devotion.
You were not hungry.

You visited 2 branches of the dungeon, and saw 8 of its levels.

You collected 243 gold pieces.

Inventory:

Hand Weapons
 a - a +1 flail (weapon)
Missiles
 f - 6 tomahawks (quivered)
Armour
 c - a +0 shield (worn)
 n - a +0 pair of boots (worn)
 o - a +1 chain mail (worn)
 t - a +0 helmet (worn)
Jewellery
 b - an uncursed amulet of magic regeneration
 l - a ring of poison resistance (left hand)
Wands
 e - a wand of confusion (28/48)
 g - a wand of confusion (22/48)
Scrolls
 d - 2 scrolls of teleportation
 h - 8 scrolls of identify
 i - a scroll of noise
 m - 2 scrolls of fear
 p - a scroll of enchant armour


   Skills:
 - Level 3.0 Fighting
 + Level 8.0 Maces & Flails
 - Level 2.4 Armour
 - Level 2.4 Shields


You had 7 spell levels left.
You didn't know any spells.

Dungeon Overview and Level Annotations

Branches:
Dungeon (7/15)             Temple (1/1) D:4

Altars:
Ashenzari
Cheibriados
Dithmenos
Elyvilon
Fedhas
Gozag
Kikubaaqudgha
Makhleb
Nemelex Xobeh
Okawaru
Pakellas
Qazlal
Ru
Sif Muna
Trog
Vehumet
Xom
Yredelemnul
Zin
The Shining One

Shops:
D:5 *


Innate Abilities, Weirdness & Mutations

You do not eat or drink.
Your flesh is vulnerable to fire.
You are immune to poison.
Your flesh is cold resistant.
You are immune to negative energy.
You are immune to unholy pain and torment.
You can survive without breathing.


Message History

The orc warrior is moderately wounded.
You block the orc warrior's attack.
An orc priest comes into view.
You sock the orc warrior!
The orc warrior is severely wounded.
You block the orc warrior's attack.
An orc comes into view.
You sock the orc warrior!
The orc warrior is almost dead.
The howler monkey hoots and howls with incredible vigour!
You hit the orc warrior but do no damage.
The orc warrior is almost dead.
The orc warrior hits you with a halberd!
* * * LOW HITPOINT WARNING * * *
A quokka comes into view.
You hit the orc warrior but do no damage.
The orc warrior is almost dead.
The orc warrior hits you with a halberd!
You die...
Pakellas says: Back to the drawing board!

#.....( ...
..F.....##.## #
#........... ..
.#........# ...
.......#.#
....#..#.....#####
...o.###.#<....#
.####oh###.#####.#
..ro.oFo@..#
......o#####
..#..#. #. .. ..
### .. .


You could see 2 orc warriors, a giant frog, a howler monkey, 4 orcs and a
quokka.

Vanquished Creatures
  Duvessa (D:5)
  A phantom (D:5)
  A centaur (D:5)
  A giant frog (D:6)
  Dowan (D:5)
  A scorpion (D:5)
  2 howler monkeys (D:7)
  2 crimson imps (D:5)
  A jelly (D:5)
  2 hounds (D:4)
  2 iguanas
  3 worker ants
  12 adders
  3 gnolls (D:5)
  A shadow imp (D:5)
  An ooze (D:1)
  An adder skeleton (D:4)
  2 worms
  A dart slug (D:3)
  3 giant geckos
  5 orcs
  8 bats
  8 giant cockroaches
  10 goblins
  A hobgoblin (D:1)
  11 jackals
  7 kobolds
  2 quokkas
  A giant gecko skeleton (D:5)
  A giant newt (D:5)
  10 rats
106 creatures vanquished.

Notes
Turn   | Place    | Note
--------------------------------------------------------------
     0 | D:1      | wemp the Mummy Fighter began the quest for the Orb.
     0 | D:1      | Reached XP level 1. HP: 18/18 MP: 1/1
    28 | D:1      | Reached skill level 2 in Maces & Flails
    72 | D:1      | Reached XP level 2. HP: 24/24 MP: 2/2
   685 | D:1      | Reached XP level 3. HP: 20/29 MP: 3/3
  1010 | D:2      | Reached skill level 3 in Maces & Flails
  1577 | D:2      | Reached XP level 4. HP: 27/35 MP: 4/4
  2278 | D:3      | Reached skill level 4 in Maces & Flails
  2645 | D:4      | Reached XP level 5. HP: 33/41 MP: 5/5
  3083 | D:4      | Reached skill level 5 in Maces & Flails
  3094 | D:4      | Reached XP level 6. HP: 42/47 MP: 6/6
  3127 | D:4      | Found a staircase to the Ecumenical Temple.
  3139 | Temple   | Entered the Ecumenical Temple
  3306 | Temple   | Became a worshipper of Pakellas the Inventive
  3642 | D:5      | Entered Level 5 of the Dungeon
  3838 | D:5      | Reached skill level 6 in Maces & Flails
  4292 | D:5      | Reached XP level 7. HP: 33/52 MP: 7/7
  4532 | D:5      | Noticed Dowan
  4533 | D:5      | Noticed Duvessa
  4564 | D:5      | Killed Duvessa
  4564 | D:5      | Reached skill level 7 in Maces & Flails
  4582 | D:5      | Killed Dowan
  4582 | D:5      | Reached * piety under Pakellas
  4582 | D:5      | Received a gift from Pakellas
  4767 | D:5      | Found Xeki's General Store.
  5040 | D:5      | Found a bloodstained altar of Trog.
  5043 | D:5      | Found a glowing golden altar of the Shining One.
  5046 | D:5      | Found a blossoming altar of Fedhas.
  5726 | D:7      | Reached skill level 8 in Maces & Flails
  5726 | D:7      | Reached XP level 8. HP: 46/58 MP: 8/8
  5738 | D:7      | Slain by an orc warrior

Skill      XL: |  1  2  3  4  5  6  7 |
---------------+----------------------+-----
Maces & Flails | 2 3 4 5 6 8 |  8.0
Fighting       | |  3.0
Armour         | |  2.4
Shields        | |  2.4

Action                   |  1- 3 |  4- 6 |  7- 9 || total
-------------------------+-------+-------+-------++-------
Melee: Flail             |   195 |   210 |   164 ||   569
Throw: Tomahawk          |       |     3 |       ||     3
  Use: Scroll            |       |    13 |       ||    13
Armor: Scale mail        |   113 |     1 |       ||   114
       Chain mail        |       |   112 |    89 ||   201
Dodge: Dodged            |    72 |    40 |    32 ||   144
Block: Shield            |   116 |    94 |    84 ||   294
